 Dungeon Crawl Stone Soup version 0.31-a0-1576-ga3383bade6 (webtiles) character file.

Game seed: 6750400351477902322

635834 Atlas the Sorcerer (level 26, -10/217 HPs)
             Began as a Demonspawn Fire Elementalist on Jan 4, 2024.
             Was the Champion of Vehumet.
             Killed from afar by an orb of fire (11 damage)
             ... with a bolt of fire
             ... on level 5 of the Realm of Zot on Jan 5, 2024.
             The game lasted 04:09:31 (108152 turns).

Atlas the Sorcerer (Demonspawn Fire Elementalist) Turns: 108152, Time: 04:09:32

Health: -10/217    AC: 28    Str: 19 (21) XL:     26   Next: 92%
Magic:  43/53      EV: 13    Int: 23      God:    Vehumet [******]
Gold:   3773       SH: 15    Dex: 15      Spells: 10/78 levels left

rFire   + + +        Y - +8 whip "Snakebite" {venom, curare, rPois}
rCold   + . .        K - +3 buckler {rC+}
rNeg    + . .        z - +2 pearl dragon scales
rPois   +            V - +4 hat of Itrawn {rCorr Str+8}
rElec   +            (cloak unavailable)
rCorr   +            f - +1 pair of gloves "Qarivili" {rElec Will+}
SInv    +            L - +1 pair of boots
Will    +++..        i - amulet of reflection
Stlth   +            q - ring of Isey {rPois Str+3 SInv}
HPRegen 0.56/turn    o - ring "Koweppeng" {rElec rPois rF++ Will+ Int-2}
MPRegen 0.33/turn

%: reflection
@: hasted, very quick
A: molten scales 3, icemail 2, robust 2, condensation shield, demonic magic 3,
weakness stinger 3, antennae 1, see invisible, deformed body, deterioration 1,
shaggy fur 1
}: 4/15 runes: barnacled, slimy, silver, gossamer
a: Renounce Religion


You were on level 5 of the Realm of Zot.
You worshipped Vehumet.
Vehumet was exalted by your worship.
You visited 13 branches of the dungeon, and saw 57 of its levels.
You visited the Abyss 6 times.
You visited 1 bazaar.
You also visited: Gauntlet and Ice Cave.

You collected 7674 gold pieces.
You spent 3901 gold pieces at shops.

Inventory:

Hand Weapons
 Y - the +8 whip "Snakebite" (weapon) {venom, curare, rPois}
   (You found it on level 4 of the Lair of Beasts)

   rPois:     It protects you from poison
Armour
 f - the +1 pair of gloves "Qarivili" (worn) {rElec Will+}
   (You found it on level 4 of the Spider Nest)

   rElec:     It insulates you from electricity.
   Will+:     It increases your willpower.
 t - quicksilver dragon scales
 z - +2 pearl dragon scales (worn)
 K - a +3 buckler of cold resistance (worn)
 L - a +1 pair of boots (worn)
 Q - the +3 chain mail of the Fiddle {MP+9 Str+4 Int-2 Dex+5}
   (You found it on level 2 of the Vaults)

   Str+4:     It affects your strength (+4).
   Int-2:     It affects your intelligence (-2).
   Dex+5:     It affects your dexterity (+5).
   MP+9:      It affects your magic capacity (+9).
 R - the +0 helmet "Gulisoma" {rF+ rC+ Str+3 Stlth+}
   (You found it on level 3 of the Elven Halls)

   Str+3:     It affects your strength (+3).
   rF+:       It protects you from fire.
   rC+:       It protects you from cold.
   Stlth+:    It makes you more stealthy.
 V - the +4 hat of Itrawn (worn) {rCorr Str+8}
   (You found it in a Gauntlet)

   Str+8:     It affects your strength (+8).
   rCorr:     It protects you from acid and corrosion.
Jewellery
 c - a ring of resist corrosion
 d - the ring of the Skies Above {rF+ Str+6 Int+2 Dex+6 Slay-2}
   (You took it off a tengu reaver on level 3 of the Depths)

   [ring of strength]

   Str+6:     It affects your strength (+6).
   Int+2:     It affects your intelligence (+2).
   Dex+6:     It affects your dexterity (+6).
   Slay-2:    It affects your accuracy & damage with ranged weapons and melee
   (-2).
   rF+:       It protects you from fire.
 i - an amulet of reflection (around neck)
 l - the ring "Jusamaco" {Ice Dex+5}
   (You found it in an ice cave)

   [ring of ice]

   Ice:       It enhances your ice magic.
   Dex+5:     It affects your dexterity (+5).
   rF-:       It makes you vulnerable to fire.
   rC+:       It protects you from cold.
 o - the ring "Koweppeng" (right hand) {rElec rPois rF++ Will+ Int-2}
   (You took it off a spriggan berserker on level 3 of the Depths)

   [ring of poison resistance]

   Int-2:     It affects your intelligence (-2).
   rF++:      It greatly protects you from fire.
   rElec:     It insulates you from electricity.
   rPois:     It protects you from poison Will+: It increases your willpower.
 q - the ring of Isey (left hand) {rPois Str+3 SInv}
   (You acquired it on level 1 of the Shoals)

   [ring of see invisible]

   Str+3:     It affects your strength (+3).
   rPois:     It protects you from poison SInv: It lets you see invisible.
 r - an amulet of magic regeneration
 J - a ring of protection from cold
 N - the ring "Rudghess" {Fly rPois rF++ Will-}
   (You found it on level 2 of the Crypt)

   [ring of flight]

   rF++:      It greatly protects you from fire.
   rPois:     It protects you from poison Will-: It decreases your willpower.
   Fly:       It grants you flight.
 O - the ring of the Supporting Gods {rN+ Will+}
   (You took it off a deep elf demonologist on level 3 of the Elven Halls)

   [ring of positive energy]

   rN+:       It protects you from negative energy.
   Will+:     It increases your willpower.
 P - a ring of flight
 X - the ring of Anit {rElec rPois rF++ AC+4 Str-3}
   (You found it in an ice cave)

   [ring of protection]

   AC+4:      It affects your AC (+4).
   Str-3:     It affects your strength (-3).
   rF++:      It greatly protects you from fire.
   rElec:     It insulates you from electricity.
   rPois:     It protects you from poison
Wands
 a - a wand of polymorph (4)
 m - a wand of paralysis (96)
 w - a wand of quicksilver (26)
 I - a wand of mindburst (43)
 U - a wand of iceblast (41)
 Z - a wand of digging (35)
Scrolls
 b - 9 scrolls of fog
 n - 3 scrolls of amnesia
 v - 3 scrolls of revelation
 C - 2 scrolls of fear
 D - 9 scrolls of noise
 H - 14 scrolls of poison
 W - a scroll of summoning
Potions
 e - 9 potions of might
 g - 7 potions of enlightenment
 h - 4 potions of haste
 j - 6 potions of brilliance
 p - 5 potions of attraction
 u - 5 potions of mutation
 x - 2 potions of magic
 y - 3 potions of cancellation
 A - 2 potions of resistance
 F - 11 potions of lignification
 G - 4 potions of ambrosia
Miscellaneous
 k - a phantom mirror
 s - a lightning rod (4/4)
 M - a sack of spiders
 T - a condenser vane


   Skills:
 + Level 9.1 Fighting
 + Level 2.6 Short Blades
 + Level 8.2 Maces & Flails
 + Level 15.6 Armour
 + Level 7.7 Dodging
 - Level 4.0 Stealth
 - Level 10.0 Shields
 + Level 1.5 Unarmed Combat
 + Level 26.8 Spellcasting
 * Level 19.4 Conjurations
 + Level 3.7 Necromancy
 + Level 0.4 Translocations
 + Level 24.2 Fire Magic
 + Level 3.2 Ice Magic
 + Level 11.5 Earth Magic
 + Level 2.1 Evocations


You had 10 spell levels left.
You knew the following spells:

 Your Spells              Type           Power      Damage    Failure   Level
a - Scorch                Fire           100%       2d9       0%          2
b - Foxfire               Conj/Fire      100%       2x1d9     0%          1
c - Stone Arrow           Conj/Erth      100%       3d13      0%          3
d - Borgnjor's Vile Clut  Necr/Erth      30%        N/A       3%          5
e - Shatter               Erth           35%        3d28*     99%         9
f - Ignition              Fire           48%        3d14      1%          8
g - Fireball              Conj/Fire      46%        3d18      0%          5
h - Fire Storm            Conj/Fire      46%        8d12      11%         9
i - Brom's Barrelling Bo  Conj/Erth      80%        2d9       1%          4
j - Ozocubu's Refrigerat  Ice            22%        4d12      82%         7
k - Dazzling Flash        Conj/Hex       100%       N/A       1%          3
l - Dispel Undead         Necr           48%        3d18      6%          4
m - Lehudib's Crystal Sp  Conj/Erth      40%        10d10     10%         8

Your spell library contained the following spells:

 Spells                   Type           Power      Damage    Failure   Level
 Chain Lightning          Conj/Air       33%        3d44      100%        9
 Flame Wave               Conj/Fire      92%        2d19      0%          4
 Freeze                   Ice            100%       1d10      1%          1
 Kiss of Death            Conj/Necr      100%       2d13      1%          1
 Sandblast                Erth           100%       2d20      1%          1
 Shock                    Conj/Air       100%       1d9       1%          1
 Sting                    Conj/Alch      100%       1d9       1%          1
 Mercury Vapours          Alch/Air       60%        N/A       1%          2
 Momentum Strike          Conj/Tloc      100%       3d10      1%          2
 Sublimation of Blood     Necr           48%        N/A       1%          2
 Frozen Ramparts          Ice            90%        1d14      1%          3
 Fugue of the Fallen      Necr           48%        N/A       1%          3
 Hailstorm                Conj/Ice       70%        3d12      1%          3
 Inner Flame              Hex/Fire       72%        N/A       1%          3
 Mephitic Cloud           Conj/Alch/Air  57%        N/A       1%          3
 Passwall                 Erth           71%        N/A       1%          3
 Volatile Blastmotes      Fire/Tloc      100%       2d18      1%          3
 Fulminant Prism          Conj/Alch      33%        3d16      1%          4
 Ignite Poison            Fire/Alch      72%        N/A       1%          4
 Iskenderun's Mystic Bla  Conj/Tloc      67%        2d14      1%          4
 Sticky Flame             Fire/Alch      72%        2d12      1%          4
 Summon Blazeheart Golem  Fire/Summ      72%        N/A       1%          4
 Arcjolt                  Conj/Air       33%        1d43      1%          5
 Freezing Cloud           Conj/Ice/Air   30%        6-21      1%          5
 Irradiate                Conj/Alch      33%        3d22      1%          5
 Iskenderun's Battlesphe  Conj           88%        2d14      1%          5
 Lee's Rapid Deconstruct  Erth           35%        3d18*     1%          5
 Plasma Beam              Fire/Air       36%        2x1d49    1%          6
 Orb of Destruction       Conj           44%        9d12      1%          7
 Cigotuvi's Dreadful Rot  Necr/Alch/Air  72%        N/A       2%          2
 Ensorcelled Hibernation  Hex/Ice        76%        N/A       2%          2
 Ozocubu's Armour         Ice            45%        N/A       2%          3
 Animate Armour           Summ/Erth      100%       N/A       2%          4
 Leda's Liquefaction      Alch/Erth      27%        N/A       2%          4
 Petrify                  Alch/Erth      55%        N/A       2%          4
 Conjure Ball Lightning   Conj/Air       33%        3x3d11    2%          6
 Summon Small Mammal      Summ           100%       N/A       3%          1
 Blink                    Tloc           64%        N/A       3%          2
 Lesser Beckoning         Tloc           64%        N/A       3%          2
 Call Imp                 Summ           60%        N/A       4%          2
 Teleport Other           Tloc           32%        N/A       8%          3
 Call Canine Familiar     Summ           30%        N/A       9%          3
 Sigil of Binding         Hex            30%        N/A       9%          3
 Swiftness                Air            30%        N/A       9%          3
 Airstrike                Air            15%        2d(3-19)  9%          4
 Olgreb's Toxic Radiance  Alch           30%        N/A       9%          4
 Spellforged Servitor     Conj/Summ      33%        N/A       13%         7
 Martyr's Knell           Necr/Summ      39%        N/A       14%         4
 Curse of Agony           Necr           48%        N/A       19%         5
 Dimensional Bullseye     Hex/Tloc       15%        N/A       26%         4
 Manifold Assault         Tloc           32%        N/A       26%         4
 Vhi's Electric Charge    Tloc/Air       62%        N/A       26%         4
 Summon Lightning Spire   Summ/Air       30%        N/A       30%         4
 Metabolic Englaciation   Hex/Ice        19%        N/A       38%         5
 Summon Forest            Summ/Tloc      15%        N/A       58%         5
 Alistair's Intoxication  Alch           20%        N/A       63%         5
 Silence                  Hex/Air        15%        N/A       63%         5
 Summon Mana Viper        Hex/Summ       30%        N/A       63%         5
 Death Channel            Necr           24%        N/A       69%         6
 Eringya's Noxious Bog    Alch           15%        4d6       71%         6
 Sculpt Simulacrum        Ice/Alch       19%        N/A       93%         6
 Dispersal                Tloc           16%        N/A       98%         6
 Summon Cactus Giant      Summ           15%        N/A       99%         6
 Haunt                    Necr/Summ      19%        N/A       100%        7
 Malign Gateway           Summ/Tloc      15%        N/A       100%        7
 Summon Hydra             Summ           15%        N/A       100%        7
 Borgnjor's Revivificati  Necr           24%        N/A       100%        8
 Discord                  Hex            15%        N/A       100%        8
 Disjunction              Tloc           16%        N/A       100%        8
 Infestation              Necr           24%        N/A       100%        8
 Maxwell's Capacitive Co  Air            15%        ∞         100%        8
 Summon Horrible Things   Summ           15%        N/A       100%        8
 Death's Door             Necr           24%        N/A       100%        9
 Polar Vortex             Ice            22%        12d3*     100%        9


Dungeon Overview and Level Annotations

Branches:
Dungeon (15/15)            Temple (1/1) D:5            Lair (5/5) D:10
 Shoals (4/4) Lair:2       Spider (4/4) Lair:3        Slime (5/5) Lair:5
    Orc (2/2) D:11            Elf (3/3) Orc:2        Vaults (5/5) D:13
  Crypt (3/3) Vaults:2       Tomb (1/3) Crypt:3      Depths (4/4) D:15
    Zot (5/5) Depths:4      IceCv (visited)         Gauntlet (visited)

Altars:
Ashenzari
Cheibriados
Dithmenos
Fedhas
Gozag
Hepliaklqana
Kikubaaqudgha
Makhleb
Nemelex Xobeh
Okawaru
Qazlal
Ru
Sif Muna
Trog
Uskayaw
Vehumet
Wu Jian
Xom
Yredelemnul
Jiyva

Shops:
D:7 :*   Orc:2 ([([!   Shoals:1 ?   Shoals:4 (   Vaults:5 ?   Depths:2 !(?
Depths:3 ?=:(

Portals:
Hell: Depths:1 Depths:2 Depths:3 Depths:4
Abyss: Depths:2 Depths:3
Pandemonium: Depths:2 Depths:3
Ziggurat: Depths:3

Annotations:
D:5 3 runed translucent doors, PrincessEmiBear's ghost, amateur DsHu
D:6 3 runed translucent doors, Aldia's ghost, novice FeSu
D:10 3 runed translucent doors, MachoJfn's ghost, novice DsIE
Shoals:1 3 runed translucent doors, Duttonia's ghost, journeyman MeWn
Orc:1 4 transporters
Elf:2 5 runed translucent doors
Depths:3 1 runed translucent door


Innate Abilities, Weirdness & Mutations

You are completely covered in molten scales. (AC +4, rF+)
A meltable icy envelope protects you from harm. (AC +0)
You are very robust. (+20% HP)
A meltable shield of frost defends you. (SH +0)
Spells you cast and wands you use may paralyse nearby enemies.
You have a sharp stinger which inflicts weakening toxins.
You have a pair of small antennae on your head.
You have supernaturally acute eyesight. (SInv)
Armour fits poorly on your strangely shaped body.
Your body sometimes deteriorates upon taking damage.
You are covered in fur. (AC +1)


Message History

The dread lich shouts!
The dread lich gestures wildly while chanting.
The dread lich flickers and vanishes for a moment.
The dread lich casts a spell.
The Brimstone Fiend calls on the powers of darkness!
Your body is wracked with pain!
Your body deteriorates!
You feel weakened.
The black draconian convulses!
The dread lich mumbles some strange words.
The dread lich seems to speed up.
The Brimstone Fiend calls on the powers of darkness!
The black draconian convulses!
Your body is wracked with pain!
* * * LOW HITPOINT WARNING * * *
The dread lich points at you and mumbles some strange words.
You resist with almost no effort. The Brimstone Fiend gestures at you.
The sphere of damnation explodes!
The damnation engulfs you!!
* * * LOW HITPOINT WARNING * * *
Your body deteriorates!
You feel weakened.
You enter a permanent teleport trap!
Your surroundings suddenly seem different.
You feel yourself speed up.
You feel better.
The orb of fire glows yellow.
The bolt of fire hits you.
Your icy defences dissipate!
You resist.
* * * LOW HITPOINT WARNING * * *
The orb of fire glows red.
The fireball explodes!
The fireball engulfs you! You resist.
* * * LOW HITPOINT WARNING * * *
The protean progenitor gurgles horribly!
Unknown command.
The Orb Guardian hits you!
* * * LOW HITPOINT WARNING * * *
The Orb Guardian hits you.
* * * LOW HITPOINT WARNING * * *
The orb of fire glows bright magenta.
The bolt of fire hits you! You resist.
You die...

##........)....## ##..........X.
#......)......# ##.....^.......
##...........## #...........§..
#....)).....# #^.............
##...........## #............§§
#..^..........# #...?.^....^...
##.....^.......## #.............y
#...............###..............
...###########..@###^....C..^..§§
..## ##....##.........§.. ###
###.X*...C.......§. #
#▓▓▓▓▓▓▓▓▓▓▓##8..
▓▓▓▓......X..§§§ ##
*#▓......D.^...y.. .##
**...............(. ..# **▓▓▓****
*,..^.....§........
..▓**....,,,***,.....X...........


You could see an orb of fire and an Orb Guardian.

Vanquished Creatures
  the Royal Jelly (Slime:5)
  3 dread liches
  3 ancient liches
  Mara (Depths:1)
  3 orbs of fire (Zot:5)
  A juggernaut (Depths:3)
  Mennas (Crypt:1)
  A royal mummy (Tomb:1)
  Bai Suzhen (Depths:2)
  2 Killer Klowns (Zot:5)
  2 curse toes
  2 caustic shrikes (Depths:3)
  6 golden dragons
  Arachne (Spider:3)
  3 bone dragons
  3 profane servitors
  An electric golem (Zot:5)
  12 tentacled monstrosities
  21 Orb Guardians (Zot:5)
  A walking crystal tome (Depths:3)
  3 liches
  A deep elf blademaster (Elf:3)
  7 quicksilver dragons
  20 acid blobs
  10 sphinxes
  3 ancient champions
  6 titans
  4 Executioners
  3 deep elf master archers (Elf:3)
  Kirke (Lair:3)
  3 death cobs
  A kraken (Shoals:1)
  Agnes (Elf:1)
  Polyphemus (Shoals:2)
  8 tentacled starspawn
  7 storm dragons
  9 shadow dragons
  3 revenants
  Ilsuiw (Shoals:3)
  8 tengu reavers
  Donald (Crypt:1)
  4 draconian knights
  15 rockslimes
  10 frost giants
  7 fire giants
  13 vault wardens
  8 azure jellies
  3 protean progenitors (Zot:3)
  6 draconian monks
  4 emperor scorpions
  2 draconian shifters
  6 deep elf sorcerers (Elf:3)
  9 draconian scorchers
  8 deep elf elementalists
  An iron dragon (Depths:4)
  3 balrugs
  6 draconian stormcallers
  3 orc warlords
  5 ghost moths
  4 ghouls
  2 curse skulls
  2 broodmothers
  9 quicksilver oozes
  6 draconian annihilators
  17 ironbound preservers
  A caustic shrike skeleton (Crypt:2)
  7 very ugly things
  7 ironbound thunderhulks
  6 spriggan defenders
  15 stone giants
  3 black draconians
  6 formless jellyfish
  10 deep elf annihilators
  10 deep elf death magi
  5 dire elephants
  9 deep elf demonologists
  4 green draconians
  5 red draconians
  7 vampire knights
  8 purple draconians
  9 white draconians
  A bennu (Tomb:1)
  2 war gargoyles
  12 yellow draconians
  7 eidola
  A minotaur (Gauntlet)
  3 spark wasps
  2 green deaths
  5 merfolk javelineers
  A crystal guardian (Vaults:3)
  10 ettins
  4 blizzard demons
  Snorg (Lair:4)
  A quicksilver dragon zombie (D:15)
  21 jiangshi
  3 entropy weavers
  9 merfolk impalers
  7 mummy priests (Tomb:1)
  A spriggan zombie (Crypt:2)
  5 deep elf high priests
  8 fire dragons
  10 yaktaur captains
  9 great orbs of eyes
  A fenstrider witch zombie (Crypt:1)
  3 jorogumos
  9 hydras
  2 radroaches (Spider:2)
  A hell beast (Depths:3)
  6 spriggan air magi
  4 ogre magi
  Erolcha (Orc:1)
  2 peacekeepers (Vaults:3)
  A bennu zombie (Crypt:1)
  6 ice dragons
  A merfolk avatar (Shoals:1)
  5 merfolk aquamancers
  A quicksilver dragon skeleton (Crypt:1)
  33 vault guards
  6 ironbound frosthearts
  A catoblepas (Shoals:2)
  18 centaur warriors
  A two-headed ogre (shapeshifter) (Depths:4)
  15 dancing weapons
  14 two-headed ogres
  5 death knights
  3 boulder beetles
  4 death scarabs (Tomb:1)
  6 satyrs
  5 tengu warriors
  A fenstrider witch skeleton (Tomb:1)
  7 vampire magi
  A sphinx skeleton (D:15)
  9 deep troll shamans
  2 demonic crawlers
  4 deep troll earth magi
  7 spriggan berserkers
  2 occultists (Depths:1)
  7 death yaks
  An orc high priest (Elf:2)
  3 hell hogs (Abyss:3)
  2 sun demons
  15 thrashing horrors
  8 deep elf knights
  A soul eater (Depths:2)
  12 hell knights
  Sonja (Lair:4)
  11 iron trolls
  11 wretched stars
  3 skysharks
  5 shadow wraiths
  8 pharaoh ants
  2 sixfirhies
  A spectral anaconda (Crypt:3)
  4 glowing orange brains
  An iron giant zombie (Crypt:2)
  11 sea snakes
  39 skeletal warriors
  7 flayed ghosts
  A glowing orange brain (shapeshifter) (Vaults:5)
  An obsidian statue (Shoals:3)
  13 large abominations
  A sun moth (Spider:2)
  11 orb spiders
  9 deep elf archers
  7 arcanists
  11 phantasmal warriors
  2 anaconda skeletons
  A death drake (shapeshifter) (Depths:4)
  51 deep trolls
  7 lindwurms
  17 orc knights
  14 ironbound convokers
  12 necromancers
  29 harpies
  21 deep elf zephyrmancers
  A steelbarb worm (Spider:2)
  A sea snake (shapeshifter) (Vaults:2)
  31 deep elf pyromancers
  37 ugly things
  A jorogumo zombie (Crypt:2)
  24 wolf spiders
  22 fauns
  4 orc sorcerers
  2 oklob plants (Shoals:2)
  Maurice (D:7)
  An elf skeleton (Vaults:3)
  7 cyclopes
  10 manticores
  A stone giant zombie (Crypt:1)
  2 shining eyes
  An iron dragon skeleton (Crypt:2)
  A moth of wrath (shapeshifter) (Vaults:5)
  21 moths of wrath
  A manticore (shapeshifter) (Depths:3)
  A will-o-the-wisp (Abyss:7)
  18 vault sentinels
  4 eyes of devastation
  3 meliai (Spider:1)
  A worldbinder (Abyss:7)
  14 elephants
  4 kobold blastminers (Orc:2)
  13 merfolk sirens
  A rust devil (Abyss:3)
  11 black mambas
  5 water nymphs
  9 cane toads
  3 apocalypse crabs
  6 smoke demons (Abyss:3)
  3 torpor snails
  A molten gargoyle (D:14)
  3 ice statues (IceCv)
  An eye of devastation (shapeshifter) (Vaults:1)
  2 centaur skeletons (Crypt:2)
  2 unseen horrors (shapeshifter)
  A dire elephant skeleton (Crypt:1)
  A black draconian zombie (Crypt:1)
  A yellow draconian zombie (Crypt:1)
  10 unseen horrors
  A cane toad (shapeshifter) (Abyss:3)
  A minotaur zombie (Crypt:1)
  35 yaktaurs
  13 komodo dragons
  5 rime drakes
  2 efreet
  8 ancient zymes
  9 tengu conjurers
  5 freezing wraiths
  A sea snake skeleton (Crypt:1)
  4 guardian mummies (Tomb:1)
  A queen bee (Gauntlet)
  6 polar bears
  6 wind drakes
  31 merfolk
  A hellwing (Abyss:3)
  24 tarantellas
  7 trolls
  23 hornets
  A merfolk (shapeshifter) (Depths:2)
  A queen bee (shapeshifter) (Elf:1)
  A tyrant leech (Abyss:7)
  A tarantella (shapeshifter) (Vaults:5)
  A merfolk zombie (Crypt:3)
  8 raiju
  10 dream sheep
  25 blink frogs
  11 snapping turtles
  A death drake skeleton (Crypt:1)
  6 glass eyes
  152 slime creatures
  25 jumping spiders
  3 air elementals
  An ushabti (Tomb:1)
  17 culicivoras
  26 spriggans
  An ettin skeleton (Vaults:3)
  5 shadows
  15 water elementals
  11 wraiths
  6 wyverns
  A ynoxinul (Abyss:5)
  7 golden eyes
  4 hogs (Lair:3)
  A human (shapeshifter) (Depths:2)
  4 vampires
  5 basilisks
  43 yaks
  An alligator snapping turtle simulacrum (Crypt:3)
  2 wargs
  3 neqoxecs
  56 redbacks
  4 fire elementals
  A demonspawn zombie (Crypt:1)
  2 chaos spawn (Abyss:3)
  A naga (Abyss:7)
  12 vampire mosquitoes
  8 small abominations
  2 spatial vortices (Abyss:7)
  A swamp worm (shapeshifter) (Depths:3)
  A glowing shapeshifter skeleton (Vaults:3)
  18 water moccasins
  36 orc warriors
  2 sky beasts
  4 black bears
  27 laughing skulls
  11 ogres
  4 boggarts
  25 centaurs
  33 wolves
  5 slime creature simulacra (IceCv)
  5 weeping skulls
  2 phantoms (D:6)
  A kobold brigand (D:10)
  5 necrophages
  5 gnoll sergeants
  8 scorpions
  8 bullfrogs
  5 glowing shapeshifter simulacra (IceCv)
  7 earth elementals
  13 wights
  4 burial acolytes (Crypt:3)
  9 killer bees
  2 vampire bats (Lair:4)
  6 howler monkeys
  5 bombardier beetles
  A crimson imp (D:5)
  A lava snake (D:14)
  2 gnoll boudas
  4 jellies
  4 hounds
  18 orc priests
  12 starcursed masses
  A sleepcap (D:7)
  6 hell rats (Lair:5)
  21 orc wizards
  2 iguanas
  4 shapeshifter simulacra (IceCv)
  5 mummies (Tomb:1)
  30 gnolls
  A steam dragon zombie (Crypt:2)
  14 adders
  3 white imps
  6 ufetubi
  2 dart slugs
  2 ribbon worms
  81 orcs
  5 endoplasms
  5 giant cockroaches
  8 goblins
  7 hobgoblins
  4 jackals (D:4)
  13 kobolds
  4 quokkas
  7 ball pythons
  16 bats
  5 frilled lizards
  A gnoll zombie (Crypt:1)
  An orc skeleton (Crypt:1)
  2 rats
  A river rat skeleton (Crypt:2)
  A foxfire (Vaults:5)
  3 lurking horrors
  10 starspawn tentacles
  3 tentacles (Shoals:1)
2629 creatures vanquished.

Vanquished Creatures (collateral kills)
  A juggernaut (Depths:1)
  A sixfirhy (Abyss:2)
  An air elemental (Elf:1)
  A fire elemental (Elf:1)
  4 boulders
  36 foxfires
44 creatures vanquished.

Vanquished Creatures (others)
  A fire giant (Depths:3)
  A vampire knight (Vaults:2)
  A wretched star (Abyss:6)
  A moth of wrath (Zot:1)
  A hornet (Depths:2)
  An air elemental (Elf:3)
  A kobold brigand (D:9)
  An ufetubus (Abyss:3)
  8 boulders
  6 fire vortices
  3733 foxfires
  16 starspawn tentacles
  5 tentacles (Shoals:1)
3776 creatures vanquished.

Grand Total: 6449 creatures vanquished

Notes
Turn   | Place    | Note
-------+----------+-------------------------------------------
     0 | D:1      | Atlas the Demonspawn Fire Elementalist began the quest for
                  | the Orb.
     0 | D:1      | Reached XP level 1. HP: 13/13 MP: 3/3
   176 | D:1      | Gained mutation: You are partially covered in molten
                  | scales. (AC +2) [demonic ancestry]
   176 | D:1      | Reached XP level 2. HP: 15/19 MP: 0/5
   723 | D:1      | Learned a level 2 spell: Scorch
  1354 | D:1      | Gained mutation: A meltable shield of frost defends you.
                  | (SH +0) [demonic ancestry]
  1354 | D:1      | Reached XP level 3. HP: 24/24 MP: 1/6
  2246 | D:2      | Gained mutation: You are mostly covered in molten scales.
                  | (AC +3) [demonic ancestry]
  2246 | D:2      | Reached XP level 4. HP: 30/30 MP: 2/7
  3091 | D:3      | Reached skill level 3 in Spellcasting
  3364 | D:3      | Reached skill level 1 in Unarmed Combat
  3816 | D:3      | Noticed a scorpion
  3821 | D:3      | Killed a scorpion
  3822 | D:3      | Gained mutation: You have a small tail. [demonic ancestry]
  3822 | D:3      | Reached XP level 5. HP: 35/35 MP: 4/10
  4227 | D:4      | Reached XP level 6. HP: 41/41 MP: 0/11
  4380 | D:4      | Learned a level 4 spell: Flame Wave
  4537 | D:4      | Found a sparkling altar of Nemelex Xobeh.
  4598 | D:4      | Reached skill level 1 in Armour
  4986 | D:5      | Entered Level 5 of the Dungeon
  5004 | D:5      | Reached skill level 4 in Spellcasting
  5230 | D:5      | Found a staircase to the Ecumenical Temple.
  5264 | Temple   | Entered the Ecumenical Temple
  5289 | Temple   | Became a worshipper of Vehumet
  5345 | D:5      | Gained mutation: Spells you cast may paralyse adjacent
                  | enemies. [demonic ancestry]
  5345 | D:5      | Reached XP level 7. HP: 46/46 MP: 4/14
  5460 | D:5      | Reached skill level 5 in Fire Magic
  5498 | D:5      | Reached skill level 5 in Spellcasting
  5728 | D:5      | Reached skill level 1 in Shields
  5735 | D:5      | Gained mutation: You have a tail ending in a sharp stinger.
                  | [demonic ancestry]
  5735 | D:5      | Reached XP level 8. HP: 9/52 MP: 1/16
  6120 | D:5      | Found a runed translucent gate.
  6121 | D:5      | Found a runed translucent gate.
  6141 | D:5      | Found a runed translucent gate.
  6142 | D:5      | Noticed PrincessEmiBear's ghost (amateur DsHu)
  6275 | D:5      | Found a burning altar of Makhleb.
  6753 | D:6      | Reached * piety under Vehumet
  6753 | D:6      | Offered knowledge of Shock by Vehumet.
  6754 | D:6      | Reached skill level 6 in Spellcasting
  7384 | D:6      | Found a runed translucent gate.
  7386 | D:6      | Noticed Aldia's ghost (novice FeSu)
  7386 | D:6      | Identified the +7 plate armour "Neelurid" {rPois Will++
                  | Regen+}
  7426 | D:6      | Found a runed translucent gate.
  7427 | D:6      | Found a runed translucent gate.
  7688 | D:6      | Reached XP level 9. HP: 58/58 MP: 10/19
  7983 | D:7      | Reached skill level 7 in Spellcasting
  8207 | D:7      | Found Purghikac's CLEARANCE SALE!.
  8213 | D:7      | Bought a scroll of identify for 8 gold pieces
  8821 | D:7      | Found Juekuumu's Book Boutique.
  8867 | D:7      | Noticed Maurice
  8873 | D:7      | Killed Maurice
  9394 | D:8      | Noticed a two-headed ogre
  9402 | D:8      | Killed a two-headed ogre
  9403 | D:8      | Reached skill level 8 in Spellcasting
  9960 | D:8      | Gained mutation: You are completely covered in molten
                  | scales. (AC +4, rF+) [demonic ancestry]
  9960 | D:8      | Reached XP level 10. HP: 28/64 MP: 9/22
  9964 | D:8      | Reached ** piety under Vehumet
  9964 | D:8      | Offered knowledge of Momentum Strike by Vehumet.
  9970 | D:8      | Reached skill level 9 in Spellcasting
 11488 | D:9      | Reached skill level 1 in Short Blades
 11488 | D:9      | Found a snail-covered altar of Cheibriados.
 11506 | D:9      | Found a hide-covered altar of Uskayaw.
 11737 | D:9      | Offered knowledge of Dazzling Flash by Vehumet.
 12043 | D:10     | Entered Level 10 of the Dungeon
 12146 | D:10     | Reached skill level 1 in Fighting
 12272 | D:10     | HP: 1/65 [komodo dragon (4)]
 12280 | D:10     | HP: 1/65 [bullfrog (3)]
 12514 | D:10     | Reached skill level 10 in Spellcasting
 12551 | D:10     | Reached *** piety under Vehumet
 12552 | D:10     | Reached XP level 11. HP: 68/70 MP: 6/25
 12708 | D:10     | Reached skill level 10 in Fire Magic
 12826 | D:10     | Found a bloodstained altar of Trog.
 12864 | D:10     | Offered knowledge of Hailstorm by Vehumet.
 13095 | D:10     | Found a runed translucent gate.
 13096 | D:10     | Found a runed translucent gate.
 13097 | D:10     | Found a runed translucent gate.
 13258 | D:10     | Noticed a deep elf pyromancer
 13264 | D:10     | Killed a deep elf pyromancer
 13291 | D:10     | Found a staircase to the Lair.
 13369 | D:10     | Noticed MachoJfn's ghost (novice DsIE)
 13407 | D:11     | Noticed a green ugly thing
 13415 | D:11     | Killed a green ugly thing
 13700 | D:11     | Found a staircase to the Orcish Mines.
 13701 | D:11     | Noticed a cyan ugly thing
 13714 | D:11     | Killed a cyan ugly thing
 13715 | D:11     | Reached skill level 5 in Conjurations
 13975 | D:11     | Noticed a two-headed ogre
 13981 | D:11     | Killed a two-headed ogre
 13982 | D:11     | Reached skill level 11 in Spellcasting
 14247 | D:11     | Reached **** piety under Vehumet
 14321 | D:11     | Offered knowledge of Fulminant Prism by Vehumet.
 14344 | D:11     | Gained mutation: You have a sharp stinger which inflicts
                  | weakening toxins. [demonic ancestry]
 14344 | D:11     | Reached XP level 12. HP: 69/77 MP: 15/27
 14357 | D:11     | Noticed a two-headed ogre
 14365 | D:11     | Killed a two-headed ogre
 14939 | D:12     | Reached skill level 12 in Spellcasting
 15057 | D:12     | Noticed a two-headed ogre
 15081 | D:12     | Killed a two-headed ogre
 15741 | D:12     | Reached ***** piety under Vehumet
 16012 | D:13     | Noticed a five-headed hydra
 16017 | D:13     | Killed a five-headed hydra
 16128 | D:13     | Noticed a boulder beetle
 16136 | D:13     | Offered knowledge of Ignite Poison by Vehumet.
 16224 | D:13     | Killed a boulder beetle
 16672 | D:13     | Noticed an ogre mage
 17019 | D:13     | Reached skill level 13 in Spellcasting
 17153 | D:13     | Noticed a centaur warrior
 17154 | D:13     | Noticed a two-headed ogre
 17158 | D:13     | Noticed a two-headed ogre
 17159 | D:13     | Killed a two-headed ogre
 17159 | D:13     | Noticed a two-headed ogre
 17160 | D:13     | Killed a centaur warrior
 17161 | D:13     | Gained mutation: Spells you cast may paralyse nearby
                  | enemies. [demonic ancestry]
 17161 | D:13     | Reached XP level 13. HP: 39/83 MP: 28/30
 17295 | D:13     | Found a gate to the Vaults.
 17355 | D:13     | Found a faded altar of an unknown god.
 17356 | D:13     | Found a hazy altar of Hepliaklqana.
 18630 | Lair:1   | Entered Level 1 of the Lair of Beasts
 19769 | Lair:2   | Reached skill level 14 in Spellcasting
 20053 | Lair:2   | Found a staircase to the Shoals.
 20909 | Lair:2   | Offered knowledge of Iskenderun's Mystic Blast by Vehumet.
 21541 | Lair:3   | Found a frozen archway.
 21583 | Lair:3   | Reached XP level 14. HP: 89/91 MP: 8/32
 21589 | IceCv    | Entered an ice cave
 21843 | IceCv    | Learned a level 4 spell: Iskenderun's Mystic Blast
 22882 | IceCv    | Reached skill level 5 in Armour
 22991 | IceCv    | Found a viscous altar of Jiyva.
 22991 | IceCv    | Noticed an azure jelly
 23000 | IceCv    | Killed an azure jelly
 23076 | IceCv    | Got the ring "Jusamaco" {Ice Dex+5}
 23077 | IceCv    | Identified the ring of Anit {rElec rPois rF++ AC+4 Str-3}
 23307 | Lair:3   | Reached skill level 5 in Shields
 23748 | Lair:3   | Found a hole to the Spider Nest.
 24037 | Lair:3   | Noticed Kirke
 24064 | Lair:3   | Killed Kirke
 24065 | Lair:3   | Reached skill level 15 in Spellcasting
 24372 | Lair:4   | Noticed Snorg
 24388 | Lair:4   | Killed Snorg
 24395 | Lair:4   | Noticed Sonja
 24737 | Lair:4   | Killed Sonja
 25130 | Lair:4   | Found the +8 whip "Snakebite" {venom, curare, rPois}
 26114 | Lair:5   | Entered Level 5 of the Lair of Beasts
 26142 | Lair:5   | Reached skill level 1 in Maces & Flails
 26170 | Lair:5   | Offered knowledge of Plasma Beam by Vehumet.
 26831 | Lair:5   | Gained mutation: A meltable icy envelope protects you from
                  | harm. (AC +0) [demonic ancestry]
 26831 | Lair:5   | Reached XP level 15. HP: 47/97 MP: 31/34
 27259 | Lair:5   | Reached skill level 5 in Dodging
 27454 | Lair:5   | Found a viscous altar of Jiyva.
 27454 | Lair:5   | Found a staircase to the Slime Pits.
 27473 | Lair:5   | Offered knowledge of Iskenderun's Battlesphere by Vehumet.
 27481 | Lair:5   | Reached skill level 15 in Fire Magic
 27491 | Lair:5   | Reached skill level 16 in Spellcasting
 27686 | Lair:5   | Identified the +1 ring mail "Aleph" {Slay+2}
 28226 | Lair:5   | Learned a level 3 spell: Stone Arrow
 28233 | Lair:5   | Learned a level 5 spell: Borgnjor's Vile Clutch
 29185 | D:15     | Entered Level 15 of the Dungeon
 29260 | D:15     | Found a gate leading to a gauntlet.
 29269 | Gauntlet | Entered a Gauntlet
 29269 | Gauntlet | Found a transporter.
 29278 | Gauntlet | Found a transporter.
 29280 | Gauntlet | Found a transporter.
 29300 | Gauntlet | Found a transporter.
 29308 | Gauntlet | Found a transporter.
 29313 | Gauntlet | Found a transporter.
 29332 | Gauntlet | Found a transporter.
 29342 | Gauntlet | Found a transporter.
 29352 | Gauntlet | Found a transporter.
 29423 | Gauntlet | Found a transporter.
 29423 | Gauntlet | Found a transporter.
 29437 | Gauntlet | Found a transporter.
 29543 | Gauntlet | Found a transporter.
 29546 | Gauntlet | Found a transporter.
 29857 | Gauntlet | Identified the +4 hat of Itrawn {rCorr Str+8}
 30051 | Gauntlet | Identified the amulet "Cideax" {Acrobat -Cast Harm rC++
                  | Str+3}
 30411 | D:15     | Reached skill level 1 in Earth Magic
 31168 | D:15     | Found a staircase to the Depths.
 31673 | D:11     | Learned a level 8 spell: Ignition
 31674 | Orc:1    | Entered Level 1 of the Orcish Mines
 31785 | Orc:1    | Found a transporter.
 31792 | Orc:1    | Found a transporter.
 31795 | Orc:1    | Noticed Erolcha
 31802 | Orc:1    | Killed Erolcha
 31818 | Orc:1    | Found an ornate altar of the Wu Jian Council.
 31868 | Orc:1    | Found a transporter.
 32260 | Orc:1    | Found a transporter.
 32264 | Orc:2    | Entered Level 2 of the Orcish Mines
 32311 | Orc:2    | Offered knowledge of Fireball by Vehumet.
 32327 | Orc:1    | Learned a level 5 spell: Fireball
 32601 | Orc:2    | Found Gaug's Armour Boutique.
 32601 | Orc:2    | Found Feur's Weapon Shoppe.
 32603 | Orc:2    | Found Maohuzoq's Armour Emporium.
 32605 | Orc:2    | Found Cimuly's Distillery.
 32617 | Orc:2    | Bought a potion of mutation for 104 gold pieces
 32617 | Orc:2    | Bought a potion of heal wounds for 65 gold pieces
 32617 | Orc:2    | Bought a potion of curing for 39 gold pieces
 32617 | Orc:2    | Bought 2 potions of curing for 78 gold pieces
 32776 | Orc:2    | Reached ****** piety under Vehumet
 33008 | Orc:2    | Found a staircase to the Elven Halls.
 33063 | Orc:2    | Found Guskomo's Weapon Shoppe.
 33424 | Elf:1    | Entered Level 1 of the Elven Halls
 33433 | Elf:1    | Reached XP level 16. HP: 104/104 MP: 27/36
 33476 | Elf:1    | Found a radiant altar of Vehumet.
 33793 | Elf:1    | Reached skill level 17 in Spellcasting
 33793 | Elf:1    | Noticed Agnes
 33810 | Elf:1    | Killed Agnes
 35054 | Elf:1    | Offered knowledge of Freezing Cloud by Vehumet.
 36199 | Elf:2    | Reached skill level 10 in Conjurations
 37262 | Elf:2    | Found a huge runed translucent gate.
 37262 | Elf:2    | Found a huge runed translucent gate.
 37262 | Elf:2    | Found a huge runed translucent gate.
 37262 | Elf:2    | Found a huge runed translucent gate.
 37265 | Elf:2    | Found a huge runed translucent gate.
 37386 | Elf:3    | Entered Level 3 of the Elven Halls
 38144 | Elf:3    | Noticed a deep elf master archer
 38146 | Elf:3    | Killed a deep elf master archer
 38147 | Elf:3    | Reached skill level 5 in Earth Magic
 38435 | Elf:3    | Reached skill level 18 in Spellcasting
 38435 | Elf:3    | Gained mutation: A meltable icy envelope protects you from
                  | harm. (AC +0) [demonic ancestry]
 38435 | Elf:3    | Reached XP level 17. HP: 92/110 MP: 18/39
 38700 | Elf:3    | Noticed a deep elf blademaster
 38790 | Elf:3    | Identified the +0 cloak of Dim Light {Will- Dex+5}
 39200 | Elf:3    | Offered knowledge of Starburst by Vehumet.
 39501 | Elf:3    | Identified the ring of the Supporting Gods {rN+ Will+}
 39571 | Elf:3    | Noticed a deep elf master archer
 39574 | Elf:3    | Killed a deep elf master archer
 39576 | Elf:3    | Noticed a deep elf master archer
 39581 | Elf:3    | Paralysed by an air elemental for 1 turns
 39581 | Elf:3    | Gained mutation: You are dopey. (Int -2) [mutagenic glow]
 39806 | Elf:3    | Killed a deep elf master archer
 39941 | Elf:3    | Identified the ring "Wiet" {Dex+4 Slay+4}
 39941 | Abyss:2  | Cast into level 2 of the Abyss (a deep elf demonologist)
 40185 | Abyss:2  | Noticed a bone dragon
 40236 | Abyss:2  | Killed a bone dragon
 40260 | Abyss:2  | Noticed an ancient lich
 40437 | Elf:3    | Escaped the Abyss
 40438 | Elf:3    | Noticed an Ice Fiend
 40889 | Elf:3    | Killed a deep elf blademaster
 41097 | Elf:3    | Identified the +6 spear "Miehup" {pain, *Noise rPois Int+6}
 41103 | Elf:3    | Got the Quarto of the Fisher
 41107 | Elf:3    | Identified the +7 long sword "Asuil" {heavy, MP+9 Dex+3}
 41147 | Elf:3    | Got the Grimoire of the Tesseract and Evil Acts
 41156 | Elf:3    | Identified the ring "Ariq" {Wiz rF+ MP-9 Int+2}
 41229 | Elf:3    | Got Juasen's Almanac of the Blinking Volley
 41234 | Elf:3    | Identified the +0 helmet "Gulisoma" {rF+ rC+ Str+3 Stlth+}
 41259 | Elf:3    | Identified the +5 plate armour of Good Intentions {rPois
                  | Str-4 Dex+7}
 41616 | Elf:3    | Found the +10 Black Knight's barding {ponderous, rPois rN+}
 41625 | Elf:3    | Got Runoemn's Excursus on the Welkin
 42110 | Shoals:1 | Entered Level 1 of the Shoals
 42504 | Shoals:1 | Found a runed translucent gate.
 42504 | Shoals:1 | Found a runed translucent gate.
 42522 | Shoals:1 | Noticed Duttonia's ghost (journeyman MeWn)
 42578 | Shoals:1 | Found a runed translucent gate.
 42690 | Shoals:1 | Noticed a kraken
 42701 | Shoals:1 | Killed a kraken
 42864 | Shoals:1 | Found Yjeiv's Magic Scroll Emporium.
 42912 | Shoals:1 | Offered knowledge of Fire Storm by Vehumet.
 42912 | Shoals:1 | Offered knowledge of Shatter by Vehumet.
 42912 | Shoals:1 | Offered knowledge of Chain Lightning by Vehumet.
 42949 | Shoals:1 | Bought a scroll of revelation for 135 gold pieces
 42949 | Shoals:1 | Bought a scroll of teleportation for 54 gold pieces
 42949 | Shoals:1 | Bought a scroll of identify for 36 gold pieces
 42952 | Shoals:1 | Bought a scroll of acquirement for 936 gold pieces
 42952 | Shoals:1 | Acquired the ring of Isey {rPois Str+3 SInv}
 43488 | Shoals:2 | Reached XP level 18. HP: 103/117 MP: 7/40
 43724 | Shoals:2 | Reached skill level 19 in Spellcasting
 44061 | Shoals:2 | Noticed Polyphemus
 44069 | Shoals:2 | Killed Polyphemus
 45754 | Shoals:3 | Noticed Ilsuiw
 45826 | Shoals:3 | Killed Ilsuiw
 46315 | Shoals:3 | Found a gateway to a bazaar.
 46427 | Bazaar   | Entered a bazaar
 46494 | Bazaar   | Found Oliuci's Magic Scroll Shoppe.
 46499 | Bazaar   | Bought a scroll of teleportation for 36 gold pieces
 46499 | Bazaar   | Bought a scroll of teleportation for 36 gold pieces
 46499 | Bazaar   | Bought a scroll of teleportation for 36 gold pieces
 46499 | Bazaar   | Bought a scroll of identify for 24 gold pieces
 46523 | Bazaar   | Found Jutidd's Distillery.
 46523 | Bazaar   | Found Zibobbug's Armour Shoppe.
 46547 | Bazaar   | Found Larghof's Book Shoppe.
 46603 | Bazaar   | Bought a potion of haste for 100 gold pieces
 46603 | Bazaar   | Bought 2 potions of curing for 60 gold pieces
 46603 | Bazaar   | Bought a potion of invisibility for 80 gold pieces
 46603 | Bazaar   | Bought a potion of curing for 30 gold pieces
 47186 | Shoals:4 | Entered Level 4 of the Shoals
 47186 | Shoals:4 | Found Qugrin's Weapon Boutique.
 48043 | Shoals:4 | Got a barnacled rune of Zot
 48099 | Shoals:4 | Identified the staff of Zyudd {Will- Dex+3 Stlth+ Earth}
 49035 | Spider:1 | Entered Level 1 of the Spider Nest
 49386 | Spider:1 | Reached skill level 10 in Armour
 50928 | Spider:2 | Reached XP level 19. HP: 114/123 MP: 33/42
 50953 | Spider:2 | Reached skill level 20 in Spellcasting
 51570 | Spider:3 | Identified the +0 robe of Understanding {-Tele rF- Regen+
                  | Int+6}
 51751 | Spider:3 | Reached skill level 5 in Maces & Flails
 52015 | Spider:3 | Noticed Arachne
 52033 | Spider:3 | Killed Arachne
 52244 | Spider:4 | Entered Level 4 of the Spider Nest
 52567 | Spider:3 | Learned a level 9 spell: Fire Storm
 53156 | Spider:4 | Reached skill level 1 in Evocations
 53654 | Spider:4 | Identified the +1 hat "Divuciga" {rN+ Int+4}
 53659 | Spider:4 | Identified the +1 pair of gloves "Qarivili" {rElec Will+}
 53728 | Spider:4 | Got a gossamer rune of Zot
 53992 | Vaults:1 | Entered Level 1 of the Vaults
 55318 | Vaults:2 | Reached XP level 20. HP: 129/129 MP: 26/44
 55596 | Vaults:2 | HP: 6/129 [centaur warrior/arrow (8)]
 55603 | Vaults:2 | Reached skill level 21 in Spellcasting
 56067 | Vaults:2 | Identified the +3 chain mail of the Fiddle {MP+9 Str+4
                  | Int-2 Dex+5}
 56912 | Vaults:2 | Acquired the +0 helmet "Hilukiv" {Will++}
 57372 | Vaults:2 | Found a staircase to the Crypt.
 58681 | Vaults:3 | Reached XP level 21. HP: 136/136 MP: 38/46
 59254 | Vaults:4 | Identified the flux talisman of Daisies {rN+ Str+3}
 60428 | Vaults:4 | Acquired the +3 eveningstar "Deusue Daech" {freeze, Int+2}
 61008 | Depths:1 | Entered Level 1 of the Depths
 61085 | Depths:1 | Found a stormy altar of Qazlal.
 61222 | Depths:1 | Noticed Mara
 61663 | Depths:1 | Reached skill level 5 in Fighting
 62121 | Depths:1 | Noticed a juggernaut
 62355 | Depths:1 | Found a gateway to Hell.
 62418 | Depths:1 | Killed a juggernaut
 62847 | Depths:1 | Noticed Atlas's illusion
 62854 | Depths:1 | Killed Mara
 63598 | Depths:2 | Found Vokh's Antique Weapon Boutique.
 63639 | Depths:2 | Reached skill level 22 in Spellcasting
 64241 | Depths:2 | Found a one-way gate leading to the halls of Pandemonium.
 64522 | Depths:2 | Found Vurrot's Distillery.
 64530 | Depths:2 | Bought a potion of berserk rage for 100 gold pieces
 64530 | Depths:2 | Bought a potion of heal wounds for 100 gold pieces
 64530 | Depths:2 | Bought a potion of curing for 60 gold pieces
 64530 | Depths:2 | Bought a potion of heal wounds for 100 gold pieces
 64770 | Depths:2 | Identified the +1 ring mail of Telucw {rPois SInv}
 65114 | Depths:2 | Found a one-way gate to the infinite horrors of the Abyss.
 65133 | Depths:2 | Identified the +1 leather armour "Bodot" {Dex+5}
 65287 | Depths:2 | Noticed Bai Suzhen
 66134 | Depths:2 | Found Edwesuar's Magic Scroll Shoppe.
 66139 | Depths:2 | Bought a scroll of teleportation for 48 gold pieces
 66139 | Depths:2 | Bought a scroll of fear for 64 gold pieces
 66139 | Depths:2 | Bought a scroll of acquirement for 832 gold pieces
 66139 | Depths:2 | Acquired the Elucidation of Spectral Guile
 66496 | Depths:2 | Reached XP level 22. HP: 153/153 MP: 48/48
 67215 | Depths:2 | Learned a level 4 spell: Brom's Barrelling Boulder
 67550 | Depths:2 | Killed Bai Suzhen
 67912 | Depths:3 | Found Ohiute's Magic Scroll Emporium.
 67928 | Depths:3 | Learned a level 7 spell: Ozocubu's Refrigeration
 67943 | Depths:3 | Bought a scroll of revelation for 157 gold pieces
 67943 | Depths:3 | Bought a scroll of revelation for 157 gold pieces
 67945 | Depths:3 | Found a runed translucent door.
 67999 | Depths:3 | Reached skill level 1 in Ice Magic
 68690 | Depths:3 | Found Pukatha's Weapon Shop.
 68955 | Depths:3 | Found a one-way gateway to a ziggurat.
 69096 | Depths:3 | Found Kewusonk's Book Shoppe.
 69142 | Depths:3 | Noticed a caustic shrike
 69163 | Depths:3 | Killed a caustic shrike
 69239 | Depths:3 | Identified the ring of the Skies Above {rF+ Str+6 Int+2
                  | Dex+6 Slay-2}
 69426 | Depths:3 | Noticed a golden dragon
 69434 | Depths:3 | Killed a golden dragon
 69650 | Depths:3 | Found a runed translucent door.
 69834 | Depths:3 | Identified the ring "Koweppeng" {rElec rPois rF++ Will+
                  | Int-2}
 69843 | Depths:3 | Noticed a juggernaut
 69864 | Depths:3 | Learned a level 3 spell: Dazzling Flash
 70475 | Depths:3 | Found Xenn's Jewellery Emporium.
 70631 | Depths:3 | Reached skill level 15 in Armour
 70643 | Depths:3 | Noticed a caustic shrike
 70960 | Depths:3 | Killed a caustic shrike
 71050 | Depths:3 | Identified the ring "Xoamezeq" {rPois Will+ Str+2 Int+6
                  | Dex+2}
 71052 | Depths:3 | Identified the ring of Qenia {Fire ^Drain rPois rCorr
                  | Int+5}
 71468 | Depths:3 | Killed a juggernaut
 71627 | Depths:4 | Entered Level 4 of the Depths
 72303 | Depths:4 | Noticed a golden dragon
 72433 | Depths:4 | Gained mutation: You occasionally lose the ability to read
                  | scrolls when taking damage. [mutagenic glow]
 72447 | Depths:3 | Gained mutation: You passively map a small area around you.
                  | [mutagenic glow]
 72586 | Depths:3 | Lost mutation: You passively map a small area around you.
                  | [potion of mutation]
 72586 | Depths:3 | Lost mutation: You are dopey. (Int -2) [potion of mutation]
 72586 | Depths:3 | Lost mutation: You occasionally lose the ability to read
                  | scrolls when taking damage. [potion of mutation]
 72586 | Depths:3 | Gained mutation: You are agile. (Dex +4, Str/Int -1)
                  | [potion of mutation]
 72586 | Depths:3 | Gained mutation: Your mind is acute. (Int +4, Str/Dex -1)
                  | [potion of mutation]
 72586 | Depths:3 | Lost mutation: Your mind is acute. (Int +4, Str/Dex -1)
                  | [potion of mutation]
 72586 | Depths:3 | Gained mutation: You are covered in fur. (AC +1) [potion of
                  | mutation]
 72845 | Depths:4 | Found a gate to the Realm of Zot.
 72982 | Depths:4 | Killed a golden dragon
 74504 | Depths:4 | Identified the +2 leather armour of Valour {rF+ Int+3 Dex-4
                  | Stlth+}
 75014 | Vaults:5 | Entered Level 5 of the Vaults
 75017 | Vaults:5 | Gained mutation: You are robust. (+10% HP) [demonic
                  | ancestry]
 75017 | Vaults:5 | Reached XP level 23. HP: 154/176 MP: 49/49
 75020 | Vaults:5 | Reached skill level 23 in Spellcasting
 76129 | Vaults:5 | Reached skill level 1 in Necromancy
 76189 | Vaults:5 | Reached skill level 15 in Conjurations
 77392 | Vaults:5 | Identified the +6 glaive of Wounding {flame, rN+ Will+
                  | Stlth+}
 77550 | Vaults:5 | Noticed an ancient lich
 77917 | Vaults:5 | Killed an ancient lich
 78988 | Vaults:5 | Noticed a dread lich
 78997 | Vaults:5 | Killed a dread lich
 79241 | Vaults:5 | Found Gyofic's Magic Scroll Shoppe.
 79248 | Vaults:5 | Bought a scroll of blinking for 142 gold pieces
 79248 | Vaults:5 | Bought a scroll of blinking for 142 gold pieces
 79248 | Vaults:5 | Bought a scroll of blinking for 142 gold pieces
 79251 | Vaults:5 | Got a silver rune of Zot
 79821 | Depths:2 | Voluntarily entered the Abyss.
 79837 | Depths:2 | Escaped the Abyss
 79839 | Depths:2 | Voluntarily entered the Abyss.
 79949 | Abyss:2  | Found an opulent altar of Gozag.
 79955 | Depths:2 | Escaped the Abyss
 80072 | Depths:2 | Voluntarily entered the Abyss.
 80130 | Abyss:3  | Found a corrupted altar of Lugonu.
 80130 | Abyss:3  | Found a corrupted altar of Lugonu.
 80130 | Abyss:3  | Found a corrupted altar of Lugonu.
 80143 | Abyss:3  | Found a corrupted altar of Lugonu.
 80282 | Abyss:3  | Found a corrupted altar of Lugonu.
 80300 | Abyss:3  | Found a corrupted altar of Lugonu.
 80357 | Abyss:3  | HP: 7/176 [ancient zyme (10)]
 80361 | Depths:2 | Escaped the Abyss
 81175 | Slime:1  | Entered Level 1 of the Pits of Slime
 81525 | Slime:1  | Found a viscous altar of Jiyva.
 83879 | Slime:4  | Reached skill level 24 in Spellcasting
 83888 | Slime:4  | Gained mutation: Spells you cast and wands you use may
                  | paralyse nearby enemies. [demonic ancestry]
 83888 | Slime:4  | Reached XP level 24. HP: 167/183 MP: 16/51
 84538 | Slime:5  | Entered Level 5 of the Pits of Slime
 84583 | Slime:5  | Noticed the Royal Jelly
 86206 | Slime:5  | Killed the Royal Jelly
 86375 | Slime:5  | Identified the +4 great mace "Teyphi" {drain, rF+}
 86387 | Slime:5  | Identified the +1 rapier "Mutur" {protect, *Noise rElec
                  | Dex+3}
 86411 | Slime:5  | Got a slimy rune of Zot
 86414 | Slime:5  | Identified the +5 short sword "Asysudgh" {pain, rF++ Str-5}
 87223 | Depths:2 | Voluntarily entered the Abyss.
 87227 | Abyss:3  | Found a corrupted altar of Lugonu.
 87236 | Abyss:3  | Found a corrupted altar of Lugonu.
 87409 | Abyss:4  | Found a corrupted altar of Lugonu.
 87600 | Abyss:5  | Found a corrupted altar of Lugonu.
 87727 | Abyss:7  | Entered Level 7 of the Abyss
 87780 | Depths:2 | Escaped the Abyss
 88093 | Depths:2 | Voluntarily entered the Abyss.
 88093 | Abyss:7  | Entered Level 7 of the Abyss
 88182 | Depths:2 | Escaped the Abyss
 88709 | Crypt:1  | Entered Level 1 of the Crypt
 89021 | Crypt:1  | Noticed Donald
 89366 | Crypt:1  | Killed Donald
 89547 | Crypt:1  | Reached skill level 10 in Shields
 90067 | Crypt:1  | Noticed Mennas
 90124 | Crypt:1  | Killed Mennas
 90355 | Crypt:1  | Reached skill level 10 in Earth Magic
 91015 | Crypt:2  | Reached XP level 25. HP: 161/188 MP: 24/51
 91165 | Crypt:2  | Reached skill level 25 in Spellcasting
 92228 | Crypt:2  | Identified the ring "Rudghess" {Fly rPois rF++ Will-}
 92333 | Crypt:2  | Learned a level 4 spell: Dispel Undead
 92614 | Crypt:3  | Entered Level 3 of the Crypt
 93102 | Crypt:3  | Found an ancient bone altar of Kikubaaqudgha.
 93410 | Crypt:3  | Noticed a dread lich
 93417 | Crypt:3  | Found a staircase to the Tomb.
 95047 | Crypt:3  | Identified the ring "Gocow" {rN+ rCorr Int+4}
 95047 | Crypt:3  | Identified the ring of Xieg {rN+ rCorr Dex+4}
 95047 | Crypt:3  | Identified the ring "Deda Tirchoth" {rN+ Str+2 Dex+3}
 95215 | Crypt:3  | Killed a dread lich
 95587 | Tomb:1   | Entered Level 1 of the Tomb of the Ancients
 96007 | Tomb:1   | Learned a level 3 spell: Passwall
 96049 | Tomb:1   | Learned a level 9 spell: Shatter
 96569 | Tomb:1   | Noticed a royal mummy
 97156 | Tomb:1   | Killed a royal mummy
 98470 | Zot:1    | Entered Level 1 of the Realm of Zot
101036 | Zot:3    | Reached skill level 26 in Spellcasting
101036 | Zot:3    | Gained mutation: You are very robust. (+20% HP) [demonic
                  | ancestry]
101036 | Zot:3    | Reached XP level 26. HP: 62/216 MP: 34/53
104197 | Zot:5    | Entered Level 5 of the Realm of Zot
104770 | Zot:5    | Noticed a dread lich
104795 | Zot:5    | Killed a dread lich
105164 | Zot:5    | Noticed an ancient lich
105171 | Zot:5    | Killed an ancient lich
105564 | Zot:5    | Noticed an orb of fire
105564 | Zot:5    | Gained mutation: Your magical capacity is low. (-10% MP)
                  | [an orb of fire]
105691 | Zot:4    | Learned a level 8 spell: Lehudib's Crystal Spear
106117 | Zot:5    | Killed an orb of fire
106273 | Zot:5    | Noticed an ancient lich
106282 | Zot:5    | Killed an ancient lich
106520 | Zot:5    | Noticed a dread lich
106525 | Zot:5    | Noticed an orb of fire
106525 | Zot:5    | Noticed an orb of fire
106525 | Zot:5    | Noticed an orb of fire
106526 | Zot:5    | Gained mutation: Your body sometimes deteriorates upon
                  | taking damage. [an orb of fire]
106538 | Zot:5    | Gained mutation: You sometimes lose your temper in combat.
                  | [an orb of fire]
106541 | Zot:5    | Gained mutation: You occasionally shout uncontrollably at
                  | your foes. [an orb of fire]
106791 | Zot:4    | Lost mutation: You are agile. (Dex +4, Str/Int -1) [potion
                  | of mutation]
106791 | Zot:4    | Lost mutation: You are covered in fur. (AC +1) [potion of
                  | mutation]
106791 | Zot:4    | Lost mutation: Your body sometimes deteriorates upon taking
                  | damage. [potion of mutation]
106792 | Zot:4    | Lost mutation: You occasionally shout uncontrollably at
                  | your foes. [potion of mutation]
106792 | Zot:4    | Lost mutation: You sometimes lose your temper in combat.
                  | [potion of mutation]
106793 | Zot:4    | Lost mutation: Your magical capacity is low. (-10% MP)
                  | [potion of mutation]
106793 | Zot:4    | Gained mutation: Your spells are a little easier to cast,
                  | but a little less powerful. [potion of mutation]
107300 | Zot:5    | Noticed an orb of fire
107315 | Zot:5    | Gained mutation: Your magical capacity is low. (-10% MP)
                  | [an orb of fire]
107319 | Zot:5    | Gained mutation: Your body sometimes deteriorates upon
                  | taking damage. [an orb of fire]
107322 | Zot:5    | Killed an orb of fire
107440 | Zot:4    | Lost mutation: Your spells are a little easier to cast, but
                  | a little less powerful. [potion of mutation]
107440 | Zot:4    | Lost mutation: Your magical capacity is low. (-10% MP)
                  | [potion of mutation]
107440 | Zot:4    | Gained mutation: You have a pair of small antennae on your
                  | head. [potion of mutation]
107440 | Zot:4    | Gained mutation: You have supernaturally acute eyesight.
                  | (SInv) [potion of mutation]
107591 | Zot:5    | Gained mutation: You are covered in fur. (AC +1) [an orb of
                  | fire]
107593 | Zot:5    | Gained mutation: Armour fits poorly on your strangely
                  | shaped body. [an orb of fire]
107595 | Zot:5    | Killed an orb of fire
108150 | Zot:5    | HP: 5/217 [Orb Guardian (9)]
108151 | Zot:5    | HP: 1/217 [Orb Guardian (4)]
108152 | Zot:5    | Killed from afar by an orb of fire

Illustrated notes

Levels and vault maps discovered:
D:1:      dpeg_arrival_erosion, layout_basic, minmay_split_cup_large
D:2:      layout_loops_ring
D:3:      layout_basic
D:4:      layout_rooms, nemelex_spade_bored_becter, minmay_misc_feat_plants
D:5:      layout_rooms, makhleb_grotto_becter, minmay_temple_entry_poolview,
          gammafunk_ghost_nasty_kobolds, kennysheep_path_1, saegor_snake_ambush
D:6:      layout_basic, biasface_ghost_orc_armoury
D:7:      layout_basic, serial_shops, shop, nicolae_shop_clearance, uniq_maurice
D:8:      minmay_four_partial_circles, layout_basic, kennysheep_potato
D:9:      layout_loops_cross, gammafunk_temple_overflow_statue
D:10:     layout_roguey, mainiacjoe_overflow_24_doors,
          grunt_lair_entry_orc_guard_hut, gammafunk_ghost_necromancy,
          billiards_dpeg
D:11:     layout_roguey, grunt_potential
D:12:     layout_irregular_city
D:13:     layout_rooms, david_vaults_1, beargit_hepliaklqana_dungeon_heroes
D:14:     layout_rooms, kennysheep_doodads
D:15:     gammafunk_depths_entry_grave, layout_stronghold,
          gauntlet_entry_generic, serial_park_gazebo
          [serial_park_minivault_5x5_5]
Temple:   nicolae_temple_bog_church
Lair:1:   layout_cave_pods, serial_bayou_shore_a
Lair:2:   nzn_winding_woodlands_small
          [nzn_winding_woodlands_5x15_pathside_ponds,
          nzn_winding_woodlands_center_lodge,
          nzn_winding_woodlands_5x15_river_crossing], layout_regular_city,
          minmay_shoals_entry_lonely_mermaid
Lair:3:   layout_long_grid, dummy_spider_entry, portal_ice_cave_rime, uniq_kirke
Lair:4:   minmay_guarded_unrand_snakebite, layout_small_grid, roderic_batcave,
          grunt_forest_small_clearing_treed, uniq_snorg, uniq_sonja
Lair:5:   minmay_lair_end_enchanted_forest, layout_cave_pods,
          minmay_slime_entry_pillars, nicolae_volcano_entry_hallway
Shoals:1: layout_shoals, ebering_ghost_rock_garden, serial_shops, shop
Shoals:2: layout_shoals, nicolae_shoals_this_corrosion,
          nicolae_shoals_former_cling_halls, uniq_polyphemus
Shoals:3: layout_shoals, serial_shops, statue_bzr, uniq_ilsuiw
Shoals:4: shoals_end_grunt_garden, layout_shoals, serial_shops, shop
Spider:1: layout_spider_delve
Spider:2: layout_spider_delve
Spider:3: layout_spider_delve, uniq_arachne
Spider:4: spider_rune_water, nicolae_spider_webs_and_nodes
Slime:1:  layout_caves, basic_altar
Slime:2:  layout_caves
Slime:3:  layout_caves
Slime:4:  layout_caves
Slime:5:  slime_pit_nicolae_amoeboid
Orc:1:    dreamdust_wu_jian_sword_trials, layout_caves, uniq_erolcha
Orc:2:    st_orc_rangers, layout_caves, serial_shops,
          nicolae_shop_tiny_real_fake_doors, mines1_david
Elf:1:    eino_elf_arrival_altar, layout_geoelf_diagonals, minivault_28,
          uniq_agnes
Elf:2:    elven_hall_of_blades_hangedman_alternative
          [nicolae_blade_entry_floor_patterns], layout_onion_city,
          amcnicky_mini_corridor_feature, uniq_aizul
Elf:3:    minmay_elf_hall_hex, layout_loops_cross
Vaults:1: v_misc_22, vaults_room_door_hall, nicolae_vaults_diamond_2, v_misc_9,
          vaults_mumra_hex, hangedman_vaults_unwind,
          nicolae_vaults_diffraction_hallways, vaults_standard_mumra_lines,
          v_pattern_2, nicolae_vaults_swerve, vaults_room_fancy_cross,
          layout_vaults_maze
Vaults:2: vaults_mumra_chevron_long, minmay_crypt_entry_simple_sparse,
          nicolae_vaults_holding_cells, nicolae_vaults_bisected_inception,
          nicolae_vaults_stairing_the_circle, grunt_vaults_twisty,
          nicolae_vaults_lightning_bolt, nicolae_vaults_tetromino_Z_1,
          v_misc_31, vaults_mumra_hexcomb, grunt_vaults_focal,
          layout_vaults_ring
Vaults:3: hangedman_vaults_stream, v_misc_30, nicolae_vaults_puzzle_piece,
          nicolae_vaults_diamond_2, grunt_vaults_hallway_long,
          nicolae_vaults_storage_closets_2, vaults_dpeg_spiral,
          hangedman_vaults_corner, v_misc_18, nicolae_vaults_tetromino_L_1,
          hangedman_vaults_stretched_pinwheel, nicolae_vaults_bisected_slash,
          layout_vaults_omnicross
Vaults:4: nicolae_vaults_puzzle_piece, nicolae_vaults_wrenched,
          nicolae_vaults_circle_grid_b, nicolae_vaults_apartment_2,
          ontoclasm_vaults_decontamination, dpeg_vaults_monster_box,
          layout_vaults_quadrants
Vaults:5: serial_shops
Crypt:1:  layout_misc_corridors, nicolae_crypt_stairsoleum, minivault_26,
          uniq_mennas, uniq_donald
Crypt:2:  layout_gridlike, serial_glass, glass_columns_a, glass_columns_b,
          glass_columns_a, glass_columns_a, glass_columns_b, glass_columns_b,
          glass_columns_b, glass_columns_a, glass_columns_a, glass_columns_b,
          due_unseen_surprise, item_on_display_a
Crypt:3:  grunt_crypt_end_deaths_head
Tomb:1
Depths:1: layout_gridlike, pf_hell_entry_tar_spiral, grunt_decor_arrowhead,
          nicolae_qazlal_scattered_showers, kennysheep_cross_landing, uniq_mara
Depths:2: grunt_crosshair, layout_long_grid, hangedman_abyss_entry_splay,
          hangedman_abyss_or_decor_jellyfish_corner, pf_coc_iceberg,
          serial_shops, nicolae_shop_tiny_statue_garden,
          nicolae_shop_hallway_plus, shop, rand_demon_pan_entry_4,
          minmay_staircase_statues, uniq_bai_suzhen
Depths:3: minmay_the_grid_triangle_9x9_rhombus_full_mashed
          [minmay_the_grid_triangle_9x9_corrupted_corridor,
          minmay_the_grid_triangle_9x9_stretched_checkered,
          minmay_the_grid_triangle_9x9_tough_junction,
          minmay_the_grid_triangle_9x9_swiss_cheese,
          minmay_the_grid_triangle_9x9_thin_v,
          minmay_the_grid_triangle_9x9_warning,
          minmay_the_grid_triangle_9x9_steps,
          minmay_the_grid_triangle_9x9_prize_special], layout_honeycomb,
          enter_ziggurat_d, serial_shops, nicolae_shop_tiny_statue_garden,
          nicolae_shop_rolling_square, shop, nicolae_book_shop_shelving,
          abyss_entry_small_statue_room, rand_demon_pan_entry_9, hell_entry,
          corexii_hall_statues_s
Depths:4: evilmike_zot_entry_argh, layout_cave_pools, grunt_hell_entry_dis_mu,
          hangedman_decor_peaks_small
Zot:1:    layout_misc_corridors, regret_index_zotdec_bone_old
Zot:2:    layout_gridlike, regret_index_zotdec_carving_tricks,
          grunt_megastairs_1
Zot:3:    regret_index_zot_pan_timeshare, layout_cathedral_of_symmetry
Zot:4:    layout_misc_corridors, grunt_megastairs_4
Zot:5:    layout_gridlike

Skill      XL: |  1  2  3  4  5  6  7  8  9 10 11 12 13 14 15 16 17 18 19 20 21 22 23 24 25 26 |
---------------+-------------------------------------------------------------------------------+-----
Fire Magic     | 3 4 5 6 8 9 11 12 13 14 15 16 18 20 21 22 23 24 | 24.2
Stealth        | 2 3 4 |  4.0
Conjurations   | 2 3 4 5 6 8 9 10 11 12 13 14 15 16 18 19 | 19.4
Spellcasting   | 3 4 5 6 8 10 11 13 14 15 16 18 19 20 21 22 24 26 | 26.8
Unarmed Combat | 1 |  1.5
Armour         | 1 2 3 4 5 6 7 10 12 13 15 | 15.6
Dodging        | 2 3 4 5 6 7 |  7.7
Shields        | 1 2 3 4 5 6 7 8 9 10 | 10.0
Short Blades   | 1 2 |  2.6
Fighting       | 1 2 3 4 8 9 |  9.1
Maces & Flails | 1 3 4 5 6 7 8 |  8.2
Earth Magic    | 2 5 6 7 8 9 10 11 | 11.5
Evocations     | 1 2 |  2.1
Ice Magic      | 3 |  3.2
Necromancy     | 2 3 |  3.7
Translocations | |  0.4

Action                     |  1- 3 |  4- 6 |  7- 9 | 10-12 | 13-15 | 16-18 | 19-21 | 22-24 | 25-27 || total
---------------------------+-------+-------+-------+-------+-------+-------+-------+-------+-------++-------
  Melee: Unarmed           |    41 |    20 |    67 |       |       |       |       |       |       ||   128
         Tailslap          |       |     1 |    18 |    41 |    77 |    53 |   112 |   277 |   190 ||   769
         Dagger            |       |       |    36 |       |       |       |       |       |       ||    36
         Short sword       |       |       |    24 |   158 |    72 |       |       |       |       ||   254
         Whip              |       |       |       |       |   230 |   244 |   467 |   895 |   658 ||  2494
   Cast: Foxfire           |    52 |    58 |   145 |   248 |   868 |   342 |   288 |    78 |    60 ||  2139
         Scorch            |    19 |    44 |    94 |   215 |   276 |    45 |    46 |    37 |     3 ||   779
         Flame Wave        |       |       |       |    22 |    58 |     4 |     1 |     3 |       ||    88
         Iskenderun's Myst |       |       |       |       |     4 |       |       |       |       ||     4
         Stone Arrow       |       |       |       |       |   103 |   499 |   538 |   690 |   491 ||  2321
         Ignition          |       |       |       |       |     7 |   114 |   168 |   324 |   200 ||   813
         Fireball          |       |       |       |       |     3 |    46 |    63 |    71 |    14 ||   197
         Borgnjor's Vile C |       |       |       |       |       |       |     1 |    52 |    13 ||    66
         Brom's Barrelling |       |       |       |       |       |       |       |    11 |     6 ||    17
         Dazzling Flash    |       |       |       |       |       |       |       |     1 |       ||     1
         Fire Storm        |       |       |       |       |       |       |       |     1 |     4 ||     5
         Dispel Undead     |       |       |       |       |       |       |       |       |    13 ||    13
         Lehudib's Crystal |       |       |       |       |       |       |       |       |    58 ||    58
  Evoke: Wand              |       |       |     1 |     1 |     6 |       |     3 |    12 |     9 ||    32
         Sack of spiders   |       |       |       |       |       |     2 |     2 |     3 |       ||     7
         Phantom mirror    |       |       |       |       |       |     1 |       |     3 |       ||     4
         Lightning rod     |       |       |       |       |       |       |     8 |     7 |     3 ||    18
         Condenser vane    |       |       |       |       |       |       |     1 |     2 |       ||     3
    Use: Potion            |       |       |     4 |     2 |     3 |    10 |     3 |    22 |    11 ||    55
         Scroll            |       |       |     8 |     2 |    12 |    13 |     7 |    23 |    20 ||    85
   Stab: Paralysed         |       |       |    14 |    39 |    43 |    27 |    53 |    88 |    34 ||   298
         Sleeping          |       |       |     1 |       |       |       |       |       |       ||     1
         Distracted        |       |       |       |       |     1 |       |       |       |       ||     1
         Held in net/web   |       |       |       |       |       |       |     1 |       |       ||     1
         Invisible         |       |       |       |       |       |       |       |     3 |       ||     3
 Armour: Robe              |    12 |       |       |       |       |       |       |       |       ||    12
         Leather armour    |    42 |    15 |   101 |    96 |       |       |       |       |       ||   254
         Troll leather arm |       |       |       |    25 |       |       |       |       |       ||    25
         Ring mail         |       |       |       |    14 |   522 |   282 |       |       |       ||   818
         Skin              |       |       |       |       |       |    49 |       |       |       ||    49
         Pearl dragon scal |       |       |       |       |       |    46 |   178 |   657 |  1010 ||  1891
         Chain mail        |       |       |       |       |       |       |   311 |   408 |       ||   719
  Dodge: Dodged            |    72 |     9 |    68 |    80 |   235 |   150 |   176 |   404 |   399 ||  1593
  Block: Buckler           |     1 |    18 |   147 |   171 |   405 |   298 |   359 |   911 |   859 ||  3169
         Reflection        |       |       |     3 |    16 |     6 |    40 |    25 |    40 |    13 ||   143

Table legend: (Time is in decaauts)
 A = Elapsed time spent in this place.
 B = Non-inter-level travel time spent in this place.
 C = Inter-level travel time spent in this place.
 D = Time resting spent in this place.
 E = Time spent auto-exploring this place.
 F = Levels seen in this place.
 G = Mean time per level.
                   A        B        C        D        E       F      G
               +--------+--------+--------+--------+--------+-----+--------+
         Total | 108182 | 102740 |   5442 |  29598 |  53876 |  71 | 1523.7 |
       Dungeon |  21731 |  20152 |   1579 |   2226 |  14663 |  15 | 1448.7 |
        Temple |     38 |      4 |     34 |      0 |      0 |   1 |   38.0 |
          Lair |   9103 |   8381 |    722 |   1102 |   5766 |   5 | 1820.6 |
        Shoals |   6910 |   6676 |    234 |   1598 |   4019 |   4 | 1727.5 |
   Spider Nest |   4634 |   4466 |    168 |    530 |   2961 |   4 | 1158.5 |
    Slime Pits |   5612 |   5375 |    237 |   1906 |   2397 |   5 | 1122.4 |
  Orcish Mines |   1808 |   1642 |    166 |      0 |   1228 |   2 |  904.0 |
   Elven Halls |   7833 |   7565 |    268 |   2895 |   3429 |   3 | 2611.0 |
        Vaults |  12113 |  11341 |    772 |   3681 |   5947 |   5 | 2422.6 |
         Crypt |   7193 |   6939 |    254 |   1836 |   3605 |   3 | 2397.7 |
          Tomb |   1889 |   1858 |     31 |   1025 |    277 |   1 | 1889.0 |
        Depths |  15882 |  15014 |    868 |   6291 |   6641 |   4 | 3970.5 |
           Zot |   9233 |   9129 |    104 |   5547 |   1602 |   5 | 1846.6 |
         Abyss |   1479 |   1479 |      0 |    486 |    308 |  11 |  134.5 |
        Bazaar |    204 |    204 |      0 |      0 |    133 |   1 |  204.0 |
      Ice Cave |   1704 |   1704 |      0 |    304 |    893 |   1 | 1704.0 |
      Gauntlet |    809 |    809 |      0 |    169 |      4 |   1 |  809.0 |
               +--------+--------+--------+--------+--------+-----+--------+

Top non-repeatable levels by time:
Depths:2: 6658 daAuts
Depths:3: 4116 daAuts
 Crypt:3: 3546 daAuts
Vaults:5: 3228 daAuts
   Zot:5: 3225 daAuts
Vaults:4: 3023 daAuts
Vaults:2: 2641 daAuts
   Elf:2: 2631 daAuts
Depths:4: 2627 daAuts
   Elf:3: 2612 daAuts
  Lair:5: 2609 daAuts
   Elf:1: 2589 daAuts
Depths:1: 2479 daAuts
Shoals:1: 2189 daAuts
Shoals:2: 2078 daAuts
